 Dungeon Crawl Stone Soup version 0.19.1 (webtiles) character file.

3777 Sputzi the Covert (level 9, 0/46 HPs)
             Began as a Spriggan Assassin on Nov 26, 2016.
             Was an Initiate of Dithmenos.
             Slain by a yak (8 damage)
             ... on level 7 of the Dungeon on Nov 29, 2016.
             The game lasted 00:46:52 (10309 turns).

Sputzi the Covert (Spriggan Assassin)              Turns: 10309, Time: 00:46:53

Health: 0/46       AC:  3    Str:  7    XL:     9   Next: 95%
Magic:  12/12      EV: 23    Int: 13    God:    Dithmenos [......]
Gold:   301        SH:  0    Dex: 20    Spells: 0 memorised, 8 levels left

rFire  . . .     SeeInvis +     F - +2 short sword (venom)
rCold  . . .     Gourm    .     c - +0 robe
rNeg   . . .     Faith    .     (shield restricted)
rPois  .         Spirit   .     (helmet restricted)
rElec  .         Reflect  .     d - +0 cloak
rCorr  .         Harm     .     (gloves unavailable)
MR     +....                    (boots unavailable)
Stlth  ++++++....               l - amulet of magic regeneration
                                (no ring)
                                r - ring of wizardry

@: very quick
A: unfitting armour, see invisible, herbivore 3, speed 3, slow metabolism 2
a: Renounce Religion


You were on level 7 of the Dungeon.
You worshipped Dithmenos.
Dithmenos was noncommittal.
You were not hungry.

You visited 2 branches of the dungeon, and saw 8 of its levels.

You collected 301 gold pieces.

Inventory:

Hand Weapons
 a - a +2 dagger
 b - a +0 blowgun
 k - a +3 short sword of electrocution
 o - a +0 shortbow
 z - a cursed -1 short sword
 F - a +2 short sword of venom (weapon)
Missiles
 e - 39 poisoned needles
 f - 2 curare-tipped needles
Armour
 c - a +0 robe (worn)
 d - a +0 cloak (worn)
 p - a +0 cloak
 t - a +0 robe
Jewellery
 l - an amulet of magic regeneration (around neck)
 r - a ring of wizardry (left hand)
Wands
 s - a wand of flame (13/48)
 y - a wand of random effects (0/48)
 G - a wand of polymorph (7/24)
Scrolls
 i - a scroll of recharging
 u - 2 scrolls of amnesia
 v - 2 scrolls of blinking
 w - 2 scrolls of teleportation
 A - a scroll of remove curse {unknown}
 B - a scroll of magic mapping
 E - a scroll of random uselessness
Potions
 h - a potion of invisibility {unknown}
 j - 3 potions of haste {unknown}
 m - 2 potions of lignification {unknown}
 n - 3 potions of flight {unknown}
 q - a potion of cancellation {unknown}
 x - 2 potions of might {unknown}
 C - a potion of agility {unknown}
 D - 2 potions of cure mutation {unknown}
 H - a potion of curing
Comestibles
 g - 3 bread rations


   Skills:
 + Level 4.6 Fighting
 + Level 9.7 Short Blades
 + Level 2.0 Throwing
 + Level 7.2 Dodging
 + Level 13.6 Stealth
 + Level 3.0 Evocations


You had 8 spell levels left.
You didn't know any spells.

Dungeon Overview and Level Annotations

Branches:
Dungeon (7/15)             Temple (1/1) D:7

Altars:
Ashenzari
Cheibriados
Dithmenos
Elyvilon
Fedhas
Gozag
Hepliaklqana
Kikubaaqudgha
Makhleb
Nemelex Xobeh
Okawaru
Qazlal
Ru
Sif Muna
Trog
Uskayaw
Vehumet
Xom
Yredelemnul
Zin
The Shining One

Shops:
D:4 }   D:7 [

Annotations:
D:3 newuser's ghost, amateur GrGl


Innate Abilities, Weirdness & Mutations

You are very small and have problems with some larger weapons.
You are too small for most types of armour.
You have supernaturally acute eyesight. (SInv)
You are a herbivore.
You cover ground extremely quickly.
You need consume almost no food.


Message History

The yak is heavily wounded.
The yak misses you.
You hit the yak.
The yak looks as sick as possible!
The yak is severely wounded.
The yak gores you!
* * * LOW HITPOINT WARNING * * *
You hit the yak but do no damage.
The yak looks as sick as possible!
The yak is severely wounded.
You hit the yak but do no damage.
The yak looks as sick as possible!
The yak is severely wounded.
The yak misses you.
You hit the yak.
The yak is almost dead.
You hit the yak but do no damage.
The yak looks as sick as possible!
The yak is almost dead.
The yak completely misses you.
You hit the yak.
The yak is almost dead.
The yak gores you!
You die...

## #..###..## #### ####..#
##..## ...###.....## #...#
.........#..####..#####
......####...###......##
.....## #.....#...####.##
......###...#######.###.#
#...........#%%...'..#####
##..........#%.)@.#...##.#
###.........###Y####.....#
.###........#.....##..####
## #........#.....#..##
#####.......#######.##
...##......## ##.##
...........# ##.##
..........## ##..#
##........# ###..##


You could see a yak.

Vanquished Creatures
  Pikel (D:4)
  Prince Ribbit (D:5)
  Sigmund (D:3)
  A wraith (D:7)
  A yak (D:7)
  2 hogs (D:7)
  A human (D:7)
  Menkaure (D:4)
  A water moccasin (D:3)
  Duvessa (D:4)
  An orc warrior (D:7)
  A black bear (D:7)
  3 centaurs
  3 ogres
  Blork the orc (D:4)
  2 bullfrogs (D:6)
  Dowan (D:4)
  6 electric eels (D:5)
  A jelly (D:6)
  A quasit (D:6)
  A bullfrog zombie (D:7)
  2 orc priests
  2 hounds
  5 orc wizards
  Jessica (D:6)
  An iguana (D:6)
  5 worker ants
  A hound zombie (D:5)
  9 adders
  2 shadow imps
  An ooze (D:4)
  2 adder skeletons
  An adder zombie (D:6)
  A worm (D:2)
  10 leopard geckos
  25 orcs
  A ball python (D:5)
  5 bats
  5 giant cockroaches
  8 goblins
  10 hobgoblins
  12 jackals
  3 quokkas
  3 frilled lizards
  5 kobolds
  A quokka zombie (D:6)
  7 rats
160 creatures vanquished.

Vanquished Creatures (others)
  A slave (D:4)
  5 toadstools (D:1)
6 creatures vanquished.

Grand Total: 166 creatures vanquished

Notes
Turn   | Place    | Note
-------+----------+-------------------------------------------
     0 | D:1      | Sputzi the Spriggan Assassin began the quest for the Orb.
     0 | D:1      | Reached XP level 1. HP: 10/10 MP: 2/2
    42 | D:1      | Reached skill level 6 in Stealth
   133 | D:1      | Reached XP level 2. HP: 10/14 MP: 3/3
  1067 | D:2      | Reached XP level 3. HP: 18/18 MP: 4/4
  1125 | D:2      | Reached skill level 7 in Stealth
  1951 | D:3      | Reached XP level 4. HP: 23/23 MP: 5/5
  1952 | D:3      | Noticed newuser's ghost (amateur GrGl)
  1975 | D:3      | Noticed Jessica
  2593 | D:3      | Noticed a water moccasin
  2596 | D:3      | Killed a water moccasin
  2596 | D:3      | Reached skill level 8 in Stealth
  2596 | D:3      | Reached XP level 5. HP: 11/26 MP: 6/6
  3581 | D:3      | Reached XP level 6. HP: 16/30 MP: 7/7
  3986 | D:3      | Noticed Sigmund
  3990 | D:3      | Killed Sigmund
  3990 | D:3      | Reached skill level 5 in Short Blades
  3990 | D:3      | Reached skill level 9 in Stealth
  4037 | D:3      | Reached XP level 7. HP: 35/35 MP: 8/8
  4354 | D:4      | Noticed Blork the orc
  4360 | D:4      | Killed Blork the orc
  4393 | D:4      | Noticed Menkaure
  4530 | D:4      | Found Puecu's Gadget Shoppe.
  4701 | D:4      | Killed Menkaure
  4701 | D:4      | Reached skill level 10 in Stealth
  4827 | D:4      | Noticed Pikel
  4910 | D:4      | Killed Pikel
  4910 | D:4      | Reached XP level 8. HP: 38/39 MP: 9/9
  5138 | D:4      | Noticed Duvessa
  5138 | D:4      | Noticed Dowan
  5191 | D:4      | Killed Duvessa
  5191 | D:4      | Reached skill level 11 in Stealth
  5192 | D:4      | Killed Dowan
  5192 | D:4      | Reached skill level 5 in Dodging
  5508 | D:4      | Reached skill level 1 in Evocations
  5720 | D:5      | Entered Level 5 of the Dungeon
  5752 | D:5      | Noticed Prince Ribbit
  5765 | D:5      | Killed Prince Ribbit
  6098 | D:5      | Reached skill level 12 in Stealth
  6596 | D:5      | Reached XP level 9. HP: 41/44 MP: 10/12
  7337 | D:6      | Killed Jessica
  8068 | D:6      | Found a stormy altar of Qazlal.
  8495 | D:7      | Reached skill level 13 in Stealth
  8626 | D:7      | Found a staircase to the Ecumenical Temple.
  8976 | D:7      | Found Lymamy's Antique Armour Shop.
  8993 | Temple   | Entered the Ecumenical Temple
  9274 | Temple   | Became a worshipper of Dithmenos the Shadowed
 10309 | D:7      | Slain by a yak

Skill      XL: |  1  2  3  4  5  6  7  8  9 |
---------------+----------------------------+-----
Stealth        | 6 7 8 9 10 12 13 | 13.6
Short Blades   | 3 4 5 7 8 9 |  9.7
Dodging        | 2 3 4 5 7 |  7.2
Fighting       | 2 3 4 |  4.6
Evocations     | 2 3 |  3.0
Throwing       | |  2.0

Action                   |  1- 3 |  4- 6 |  7- 9 || total
-------------------------+-------+-------+-------++-------
Melee: Dagger            |    24 |       |       ||    24
       Short sword       |    61 |    84 |   370 ||   515
Evoke: Wand              |       |       |    16 ||    16
  Use: Scroll            |     5 |     2 |    10 ||    17
       Potion            |       |     2 |     3 ||     5
 Stab: Sleeping          |    15 |     7 |    23 ||    45
       Distracted        |     1 |       |     1 ||     2
  Eat: Pizza             |       |     1 |     1 ||     2
       Bread ration      |       |       |     1 ||     1
Armor: Robe              |     6 |     9 |    14 ||    29
Dodge: Dodged            |    48 |    48 |   247 ||   343
